 Dungeon Crawl Stone Soup version 0.31.0-9-g3a7656b989 (webtiles) character file.

Game seed: 5848543315505228079

1027 SnakkuSnakku7 the Skirmisher (level 8, -2/54 HPs)
             Began as a Djinni Hunter on Jan 24, 2024.
             Was a Believer of Zin (penitent).
             Splashed by a jelly's acid (9 damage)
             ... on level 6 of the Dungeon.
             The game lasted 00:05:35 (4569 turns).

SnakkuSnakku7 the Skirmisher (Djinni Hunter)        Turns: 4569, Time: 00:05:37

Health: -2/54      AC: -3    Str: 10    XL:     8   Next: 47%
Gold:   135        EV: 12    Int: 12    God:    Zin [**....] SH:  0 Dex: 18

rFire   + + .        a - +0 shortbow
rCold   x . .        (shield currently unavailable)
rNeg    . . .        c - +0 leather armour
rPois   ∞            r - +0 helmet
rElec   .            (no cloak)
rCorr   .            f - +0 pair of gloves
SInv    .            (boots unavailable)
Will    .....        (no amulet)
Stlth   ++           w - ring of wizardry
HPRegen 0.29/turn    (no ring)
MPRegen 0.00/turn

%: wizardry (x1), infuse magic (-3 HP)
@: corroded, flying
A: sickness immunity, fire resistance 2, cold vulnerability 1, float, innate
caster, HP casting, extra vitality 1
a: Renounce Religion, Donate Gold


You were on level 6 of the Dungeon.
You worshipped Zin.
Zin was demanding penance.
You visited 1 branch of the dungeon, and saw 6 of its levels.

You collected 223 gold pieces.
You spent 66 gold pieces at shops.
You donated 22 gold pieces to Zin.

Inventory:

Hand Weapons
 a - a +0 shortbow (weapon)
Missiles
 n - 6 curare-tipped darts
Armour
 c - a +0 leather armour (worn)
 f - a +0 pair of gloves (worn)
 r - a +0 helmet (worn)
Jewellery
 w - a ring of wizardry (left hand)
Wands
 k - a wand of flame (23)
Scrolls
 b - a scroll of identify {unknown}
 e - a scroll of fog {unknown}
 j - a scroll of vulnerability {unknown}
 l - a scroll of blinking {unknown}
 p - a scroll of enchant armour {unknown}
 s - a scroll of summoning {unknown}
 u - 2 scrolls of revelation {unknown}
 v - a scroll of teleportation {unknown}
 x - a scroll of enchant weapon {unknown}
 y - a scroll of amnesia {unknown}
 A - a scroll of poison {unknown}
Potions
 d - 2 potions of enlightenment {unknown}
 g - a potion of invisibility {unknown}
 h - 7 potions of heal wounds
 i - a potion of attraction {unknown}
 m - a potion of curing {unknown}
 o - 2 potions of might {unknown}
 q - a potion of resistance {unknown}
 t - a potion of lignification {unknown}
 z - a potion of haste {unknown}


   Skills:
 - Level 2.0 Fighting
 + Level 8.5 Ranged Weapons
 - Level 2.1 Dodging
 - Level 0.7 Stealth


You knew the following spells:

 Your Spells              Type           Power      Damage    Failure   Level
a - Shock                 Conj/Air       0%         1d3       17%         1
b - Scorch                Fire           0%         2d5       26%         2
c - Searing Ray           Conj           0%         2d4       26%         2
Your spell library was empty.

Dungeon Overview and Level Annotations

Branches:
Dungeon (6/15)
 Temple: D:4-7

Altars:
Gozag
Yredelemnul
Zin
The Shining One

Shops:
D:3 !   D:6 :


Innate Abilities, Weirdness & Mutations

You are immune to sickness and miasma.
You are immune to poison.
Your flesh is very heat resistant. (rF++)
You are vulnerable to cold. (rC-)
You float through the air rather than walking.
You learn spells naturally, not from books.
Your magical power is your life essence.
You have superior vitality. (+4 MHP)


Message History

You shoot an arrow. The arrow hits the jelly!
The jelly is heavily wounded.
The jelly hits you. The acid corrodes you!
You are splashed with acid!
You shoot an arrow.
The arrow hits the jelly but does no damage.
The jelly is heavily wounded.
The jelly hits you but does no damage.
You shoot an arrow.
The arrow hits the jelly but does no damage.
The jelly is heavily wounded.
The jelly hits you.
You are splashed with acid!
You are too injured to fight recklessly!
You are too injured to fight recklessly!
You are too injured to fight recklessly!
You are too injured to fight recklessly!
You shoot an arrow. The arrow hits the jelly.
The jelly is severely wounded.
The jelly hits you.
You are splashed with acid!
You shoot an arrow.
The arrow hits the jelly but does no damage.
The jelly is severely wounded.
The jelly barely misses you.
You shoot an arrow. The arrow hits the jelly.
The jelly is almost dead.
The jelly misses you.
You shoot an arrow.
The arrow hits the jelly but does no damage.
The jelly is almost dead.
The jelly barely misses you.
You shoot an arrow. The arrow hits the jelly.
The jelly is almost dead.
The jelly hits you. The acid corrodes you!
You are splashed with acid!
* * * LOW HITPOINT WARNING * * *
You shoot an arrow.
The arrow hits the jelly but does no damage.
The jelly is almost dead.
The jelly hits you.
* * * LOW HITPOINT WARNING * * *
You are splashed with acid!
You die...

######
########.....#
#..@J...#
#.###.#<# #
#.#.......#
#.#.#####.#
#.#.# #.#.#
..#.# ###.#
#.#


You could see a jelly.

Vanquished Creatures
  A black bear (D:5)
  A gnoll sergeant (D:5)
  A water moccasin zombie (D:5)
  A howler monkey (D:5)
  3 bombardier beetles
  2 bullfrog zombies (D:5)
  An orc priest (D:4)
  2 scorpion zombies (D:5)
  Jessica (D:1)
  Natasha (thrice) (D:2)
  An iguana (D:4)
  An orc wizard (D:6)
  A howler monkey zombie (D:5)
  13 gnolls
  16 adders
  A shadow imp (D:5)
  A white imp (D:5)
  2 ribbon worms
  A dart slug (D:5)
  8 orcs
  10 endoplasms
  4 giant cockroaches
  3 goblins
  6 hobgoblins
  5 kobolds
  5 quokkas
  10 ball pythons
  2 frilled lizards
  4 rats
110 creatures vanquished.

Notes
Turn   | Place    | Note
-------+----------+-------------------------------------------
     0 | D:1      | SnakkuSnakku7 the Djinni Hunter began the quest for the
                  | Orb.
     0 | D:1      | Reached XP level 1. HP: 18/18 MP: 0/0
   158 | D:1      | Reached XP level 2. HP: 23/23 MP: 0/0
   602 | D:1      | Reached skill level 4 in Ranged Weapons
   602 | D:1      | Reached XP level 3. HP: 28/28 MP: 0/0
   602 | D:1      | Learned a level 1 spell: Shock
   853 | D:2      | Noticed Jessica
  1006 | D:2      | Reached XP level 4. HP: 33/33 MP: 0/0
  1012 | D:2      | Noticed Natasha
  1026 | D:2      | Killed Natasha
  1117 | D:1      | Killed Jessica
  1118 | D:1      | Reached skill level 5 in Ranged Weapons
  1118 | D:1      | Reached XP level 5. HP: 19/38 MP: 0/0
  1118 | D:1      | Learned a level 2 spell: Scorch
  1329 | D:2      | Noticed Natasha
  1334 | D:2      | Killed Natasha
  1490 | D:2      | Noticed Natasha
  1497 | D:2      | Killed Natasha
  1498 | D:2      | Reached XP level 6. HP: 41/43 MP: 0/0
  1690 | D:3      | Reached skill level 6 in Ranged Weapons
  1832 | D:3      | Found a faded altar of an unknown god.
  1858 | D:3      | Prayed at the altar of an unknown god.
  1858 | D:3      | Became a worshipper of Zin the Law-Giver
  1858 | D:3      | Reached * piety under Zin
  1858 | D:3      | Reached ** piety under Zin
  1881 | D:3      | Found Jeosohodgh's Distillery.
  1884 | D:3      | Bought a potion of degeneration for 11 gold pieces
  1884 | D:3      | Bought a potion of heal wounds for 55 gold pieces
  1914 | D:3      | You are sucked into a shaft and drop 3 floors!
  1934 | D:6      | Found Qughuk's Book Shoppe.
  1964 | D:5      | Entered Level 5 of the Dungeon
  2116 | D:3      | Reached XP level 7. HP: 46/49 MP: 0/0
  2116 | D:3      | Learned a level 2 spell: Searing Ray
  2147 | D:3      | Found an opulent altar of Gozag.
  2694 | D:4      | Identified the +10 short sword "Lelouz" {heavy, rElec}
  2948 | D:4      | Found a glowing golden altar of the Shining One.
  3044 | D:4      | Reached skill level 7 in Ranged Weapons
  3377 | D:5      | HP: 1/49 [black bear (3)]
  3402 | D:5      | Was placed under penance by Zin
  3747 | D:5      | Reached XP level 8. HP: 42/54 MP: 0/0
  3829 | D:5      | Reached skill level 8 in Ranged Weapons
  3940 | D:5      | Found a basalt altar of Yredelemnul.
  4569 | D:6      | Splashed by a jelly's acid

Illustrated notes

Levels and vault maps discovered:
D:1:      dpeg_arrival_round_b, layout_basic, supply_closet_lemuel,
          minmay_misc_feat_roman
D:2:      layout_rooms, uniq_natasha, uniq_jessica
D:3:      minmay_spotlight, layout_rooms, grunt_gozag_statues, serial_shops,
          nicolae_shop_window_shopping, basic_ecumenical_altar,
          grunt_ministairs_3, st_stairs_7
D:4:      layout_loops_ring, tso_metal_star
D:5:      layout_loops_ring, nicolae_yredelemnul_corpse_copse
D:6:      minmay_octagon_keep, layout_loops_ring, makhleb_heckhound_becter,
          serial_shops, nicolae_shop_statue_plus, uniq_maggie

Skill      XL: |  1  2  3  4  5  6  7  8 |
---------------+-------------------------+-----
Ranged Weapons | 4 5 6 7 8 |  8.5
Fighting       | |  2.0
Dodging        | |  2.1
Stealth        | |  0.7

Action                     |  1- 3 |  4- 6 |  7- 9 || total
---------------------------+-------+-------+-------++-------
   Fire: Shortbow          |    79 |   172 |   258 ||   509
  Throw: Dart              |       |       |     1 ||     1
    Use: Scroll            |       |       |     2 ||     2
 Armour: Leather armour    |    16 |    45 |   118 ||   179
  Dodge: Dodged            |    22 |    49 |    80 ||   151
